 Dungeon Crawl Stone Soup version 0.22-a0-252-gcace5d2 (webtiles) character file.

25 4thArraOfDagon the Ducker (level 2, -5/14 HPs)
             Began as a Felid Chaos Knight on Mar 2, 2018.
             Slain by an ogre
             ... wielding a +0 giant club
              (14 damage)
             ... on level 2 of the Dungeon.
             The game lasted 00:01:46 (477 turns).

4thArraOfDagon the Ducker (Felid Chaos Knight)       Turns: 477, Time: 00:01:47

Health: -5/14      AC:  1    Str: 13    XL:     2   Next: 82%
Magic:  3/3        EV: 18    Int: 13    God:    Xom [......]
Gold:   56         SH:  0    Dex: 15    Spells: 1/1 levels left
                                        Lives:  0   Deaths: 0

rFire    . . .     SeeInvis +     - Unarmed
rCold    . . .     Gourm    .   (shield unavailable)
rNeg     . . .     Faith    .   (armour unavailable)
rPois    .         Spirit   .   (helmet unavailable)
rElec    .         Reflect  .   (cloak unavailable)
rCorr    .         Harm     .   (gloves unavailable)
MR       .....                  (boots unavailable)
Stlth    ++........             (no amulet)
HPRegen  0.04/turn              (no ring)
MPRegen  0.08/turn              (no ring)

@: mighty, very slightly contaminated, invisible, quick
A: very small, no armour, no weapons or thrown items, stealth, claws 1, fangs 3,
see invisible, carnivore, speed 1, shaggy fur 1, slow metabolism 1, sharp paws
a: Renounce Religion


You were on level 2 of the Dungeon.
You worshipped Xom.
You were a very special plaything of Xom.
You were completely stuffed.

You visited 1 branch of the dungeon, and saw 2 of its levels.

You collected 56 gold pieces.

Inventory:

Scrolls
 b - a scroll of teleportation {unknown}
 c - a scroll of magic mapping {unknown}
 d - a scroll of immolation {unknown}
Comestibles
 a - 2 rations


   Skills:
 - Level 3.1 Fighting
 + Level 3.5 Dodging
 * Level 2.1 Stealth
 * Level 3.4 Unarmed Combat


You had one spell level left.
You didn't know any spells.

Dungeon Overview and Level Annotations

Branches:
Dungeon (2/15)

Altars:
Elyvilon
Sif Muna


Innate Abilities, Weirdness & Mutations

You cannot wear armour.
You are incapable of wielding weapons or throwing items.
Your paws allow you to move quietly. (Stealth)
You have sharp claws.
You have razor-sharp teeth.
You have supernaturally acute eyesight. (SInv)
You are carnivorous and can eat meat at any time.
You cover ground quickly.
You are covered in fur. (AC +1)
You have a slow metabolism.
Your sharp claws are effective at attacking unaware monsters.


Message History

You are very lightly contaminated with residual magic.
Unknown command.
You aren't carrying any potions.
There is an open door here.
Unknown command.
You claw the ogre!
The ogre is moderately wounded. "Go forth and destroy!"
You feel very mighty all of a sudden.
You are now a very special plaything of Xom.
The ogre closely misses you.
Unknown command.
Unknown command.
Unknown command.
You scratch the ogre.
The ogre is heavily wounded.
The ogre hits you with a giant club!
Ouch! That really hurt!
You die...
Xom cackles wildly!

#._..⌠.._.#
#.........#
##...)....#
#.........#
+.......$.+
#....<....#
##.......##
##.....##
##.@.##
##O## #.#
#)# #.#
#...#
#.....#
##......
....####


You could see an ogre.

Vanquished Creatures
  A leopard gecko (D:1)
  A ball python (D:1)
  7 bats
  A giant cockroach (D:1)
  A goblin (D:2)
  2 hobgoblins (D:1)
  3 jackals (D:1)
  3 kobolds (D:1)
  3 rats (D:1)
22 creatures vanquished.

Notes
Turn   | Place    | Note
-------+----------+-------------------------------------------
     0 | D:1      | 4thArraOfDagon the Felid Chaos Knight began the quest for the Orb.
     0 | D:1      | Reached XP level 1. HP: 10/10 MP: 2/2
    47 | D:1      | Reached skill level 1 in Stealth
   150 | D:1      | Reached XP level 2. HP: 3/14 MP: 3/3
   449 | D:2      | Found a deep blue altar of Sif Muna.
   449 | D:2      | Found a white marble altar of Elyvilon.
   464 | D:2      | Noticed an ogre
   469 | D:2      | XOM: potion effect (invisibility)
   474 | D:2      | XOM: potion effect (might)
   477 | D:2      | Slain by an ogre

Vault maps used:
D:1:      dpeg_arrival_simpleton_b, minmay_misc_feat_nine_boxes
D:2:      overflow_temple_1_default, grunt_temple_overflow_open, uniq_robin

Skill      XL: |  1  2 |
---------------+-------+-----
Stealth        | 1 2 |  2.1
Fighting       | |  3.1
Dodging        | |  3.5
Unarmed Combat | |  3.4

Action                   || total
-------------------------++-------
Melee: Unarmed           ||    58
       Bite              ||     5
  Use: Potion            ||     1
 Stab: Sleeping          ||     2
  Eat: Chunk             ||     6
Armor: Skin              ||     4
Dodge: Dodged            ||    57

Table legend:
 A = Spawn XP
 B = Non-spawn XP
 C = Spawn XP percentage of total XP
 D = Spawn monster count
 E = Non-spawn monster count
 F = Spawn count percentage of total count
 G = Total turns spent on level
                    A         B        C        D         E        F      G
               +---------+---------+-------+---------+---------+-------+---------
         Total |       0 |      36 |   0.0 |       0 |      22 |   0.0 |   477
               +---------+---------+-------+---------+---------+-------+---------
           D:1 |       0 |      33 |   0.0 |       0 |      20 |   0.0 |   449
           D:2 |       0 |       3 |   0.0 |       0 |       2 |   0.0 |    28
               +---------+---------+-------+---------+---------+-------+---------
